 Dungeon Crawl Stone Soup version 0.25.0-1-g7eea58d (webtiles) character file.

Game seed: 13746480036765368801

46 yaymichael the Chiller (level 3, -3/37 HPs)
             Began as a Merfolk Ice Elementalist on June 14, 2020.
             Slain by an adder (5 damage)
             ... on level 2 of the Dungeon.
             The game lasted 00:03:19 (1707 turns).

yaymichael the Chiller (Merfolk Ice Elementalist)   Turns: 1707, Time: 00:03:20

Health: -3/37      AC:  2    Str:  8    XL:     3   Next: 66%
Magic:  3/6        EV: 13    Int: 15    God:
Gold:   107        SH:  0    Dex: 14    Spells: 2/6 levels left

rFire    + . .     SeeInvis .   n - +0 spear
rCold    x . .     Gourm    .   (no shield)
rNeg     . . .     Faith    .   a - +0 robe
rPois    .         Spirit   .   (no helmet)
rElec    .         Reflect  .   (no cloak)
rCorr    .         Harm     .   (no gloves)
MR       .....                  (no boots)
Stlth    ..........             (no amulet)
HPRegen  0.12/turn              h - ring of wizardry (curse)
MPRegen  0.10/turn              l - ring of fire

@: berserking, lethally poisoned (-3 -> -7), hasted, very quick
A: change form in water, swift swim, stealthy swim
a: no special abilities


You were on level 2 of the Dungeon.
You were hungry.

You visited 1 branch of the dungeon, and saw 2 of its levels.

You collected 107 gold pieces.

Inventory:

Hand Weapons
 b - a +0 short sword
 e - a +0 hunting sling of freezing
 n - a +0 spear (weapon)
Missiles
 i - 5 javelins (quivered)
Armour
 a - a +0 robe (worn)
 k - a +0 tower shield
Jewellery
 h - a cursed ring of wizardry (left hand)
 l - a ring of fire (right hand)
Scrolls
 f - a scroll of enchant weapon {unknown}
 m - 2 scrolls of amnesia {unknown}
Potions
 d - a potion of resistance
 g - a potion of lignification
Comestibles
 c - 4 rations
 p - 2 chunks of flesh


   Skills:
 * Level 0.6 Fighting
 - Level 0.6 Short Blades
 * Level 0.8 Polearms
 + Level 2.9 Dodging
 * Level 2.6 Stealth
 * Level 2.3 Spellcasting
 * Level 5.0 Ice Magic


You had 2 spell levels left.
You knew the following spells:

 Your Spells              Type           Power        Failure   Level  Hunger
a - Freeze                Ice            ###.         1%          1    #......
b - Frozen Ramparts       Ice            ###...       3%          3    ###....

Your spell library contained the following spells:

 Spells                   Type           Power        Failure   Level  Hunger
 Ozocubu's Armour         Chrm/Ice       #.......     9%          3    ###....
 Hailstorm                Conj/Ice       #.......     28%         4    #####..
 Summon Ice Beast         Ice/Summ       #.......     28%         4    #####..


Dungeon Overview and Level Annotations

Branches:
Dungeon (2/15)

Altars:
Ru


Message History

The adder is lightly wounded.
You feel sick. The adder bites you but does no damage.
You closely miss the adder.
The adder is lightly wounded.
The adder bites you but does no damage.
You barely miss the adder.
The adder is lightly wounded.
The adder bites you.
* * * LOW HITPOINT WARNING * * *
You completely miss the adder.
The adder is lightly wounded.
* * * LOW HITPOINT WARNING * * *
You feel sick. The adder closely misses you.
You barely miss the adder.
The adder is lightly wounded.
The adder misses you.
You puncture the adder!
The adder is almost dead.
The adder bites you.
You die...

...#.#####.≈≈.#..#
...##.## #.≈≈.#..#
..(#.#.# #.≈≈.#..#
...#(#.###.≈≈.#..#
#.#####.##.≈≈.'..#
....####.#.≈≈.##'#
#.##.###.#.≈≈.#..#
...##.#.##.≈≈.#8.#
...###.###.≈≈.##@#
...# #.# #.≈≈.##S#
...###.# #.≈≈.##.#
..###.## #.≈≈.#$.#
.#.#.## #.≈≈[#8.#
...##.## #.≈≈.##.#
...###.###.≈≈.##.#
.#.##.#.##.≈≈.##.#
..##.###.#.≈≈.#$.#


You could see an adder.

Vanquished Creatures
  2 adders (D:2)
  A worm (D:2)
  A dart slug (D:1)
  2 leopard geckos
  3 goblins
  4 hobgoblins
  5 kobolds
  2 bats
  2 rats (D:1)
22 creatures vanquished.

Notes
Turn   | Place    | Note
-------+----------+-------------------------------------------
     0 | D:1      | yaymichael the Merfolk Ice Elementalist began the quest for
                  | the Orb.
     0 | D:1      | Reached XP level 1. HP: 13/13 MP: 3/3
   291 | D:1      | Reached XP level 2. HP: 15/19 MP: 1/5
  1081 | D:2      | Found a sacrificial altar of Ru.
  1284 | D:2      | Reached XP level 3. HP: 14/25 MP: 3/6
  1317 | D:2      | Learned a level 3 spell: Frozen Ramparts
  1677 | D:2      | Reached skill level 5 in Ice Magic
  1707 | D:2      | Slain by an adder

Illustrated notes

Levels and vault maps discovered:
D:1:      heliophobic_arrival_ceremonial_halls, layout_loops_corners, hex_medium
D:2:      wad_river_or_something, layout_basic, hangedman_decor_diamond_cutter,
          hangedman_ru_absence

Skill      XL: |  1  2  3 |
---------------+----------+-----
Ice Magic      | 5 |  5.0
Fighting       | |  0.6
Short Blades   | |  0.6
Polearms       | |  0.8
Dodging        | |  2.9
Stealth        | |  2.6
Spellcasting   | |  2.3

Action                   || total
-------------------------++-------
Melee: Short sword       ||    20
       Spear             ||    30
 Cast: Freeze            ||    19
       Frozen Ramparts   ||     1
  Use: Scroll            ||     2
       Potion            ||     2
 Stab: Sleeping          ||     4
  Eat: Chunk             ||     2
Armor: Robe              ||     9
Dodge: Dodged            ||    32
